 Dungeon Crawl Stone Soup version 0.17.2 (webtiles) character file.

344 Shtopit the Shield-Bearer (level 6, -2/39 HPs)
             Began as a Gargoyle Fighter on May 5, 2016.
             Slain by an orc priest
             ... wielding a +0 flail
              (3 damage)
             ... on level 4 of the Dungeon.
             The game lasted 00:07:10 (2673 turns).

Shtopit the Shield-Bearer (Gargoyle Fighter)        Turns: 2673, Time: 00:07:10

Health: -2/39      AC: 13    Str: 22    XL:     6   Next: 58%
Magic:  6/6        EV:  8    Int:  8    God:
Gold:   116        SH: 10    Dex:  9    Spells: 0 memorised, 5 levels left

rFire  . . .     SeeInvis .     a - +0 flail
rCold  . . .     Clarity  .     b - +0 scale mail
rNeg   + . .     SustAt   .     c - +0 shield
rPois  ∞         Gourm    .     x - +1 hat
rElec  +         Spirit   .     s - +0 cloak
rCorr  .         Warding  .     (no gloves)
rMut   .         Stasis   .     (no boots)
MR     .....                    (no amulet)
Stlth  ..........               (no ring)
                                (no ring)

@: not resistant to hostile enchantments, extremely unstealthy
A: negative energy resistance 1, electricity resistance, unbreathing,
petrification resistance, rot immunity, AC +4
a: no special abilities


You were on level 4 of the Dungeon.
You were hungry.

You visited 1 branch of the dungeon, and saw 4 of its levels.

You collected 116 gold pieces.

Inventory:

Hand Weapons
 a - a +0 flail (weapon)
 o - a +2 whip of draining
 u - a +0 blowgun
Missiles
 v - 15 poisoned needles
Armour
 b - a +0 scale mail (worn)
 c - a +0 shield (worn)
 s - a +0 cloak (worn)
 x - a +1 hat (worn)
Jewellery
 h - a +2 ring of intelligence {unknown}
 y - an uncursed ring of stealth {unknown}
Scrolls
 d - a scroll of immolation {unknown}
 f - 3 scrolls of remove curse {unknown}
 g - a scroll of teleportation {unknown}
 i - a scroll of random uselessness {unknown}
 j - 2 scrolls of identify {unknown}
 k - a scroll of fog {unknown}
 p - a scroll of enchant armour {unknown}
 q - 4 scrolls of amnesia {unknown}
 w - a scroll of enchant weapon {unknown}
Potions
 l - a potion of beneficial mutation {unknown}
 n - 2 potions of curing {unknown}
 r - a potion of cancellation {unknown}
Comestibles
 e - 5 bread rations
 m - 2 meat rations
 z - a royal jelly


   Skills:
 + Level 4.4 Fighting
 + Level 3.4 Maces & Flails
 + Level 4.2 Armour
 + Level 2.0 Dodging
 + Level 0.2 Stealth
 + Level 5.0 Shields


You had 5 spell levels left.
You didn't know any spells.

Dungeon Overview and Level Annotations

Branches:
Dungeon (4/15)
 Temple: D:4-7

Altars:
Fedhas
Nemelex Xobeh
Okawaru

Annotations:
D:3 Grinder


Innate Abilities, Weirdness & Mutations

You are resistant to torment.
Your stone body is resilient (AC +4).
You are immune to poison.
You resist negative energy.
You are resistant to electric shocks.
You can survive without breathing.
You are immune to petrification.
You are immune to rotting.


Message History

You sock the worker ant!
You kill the worker ant!
Your Shields skill increases to level 5!
You are feeling hungry.
The orc priest mumbles some strange prayers to Beogh against you.
Pain shoots through your body!
* * * LOW HITPOINT WARNING * * *
You block the orc's attack.
The orc priest casts a cantrip, but nothing happens.
The orc hits you but does no damage.
You see here a worker ant corpse.
You barely miss the orc priest.
The orc priest invokes the aid of Beogh against you.
Something smites you!
* * * LOW HITPOINT WARNING * * *
You block the orc's attack.
The orc priest hits you but does no damage.
You completely miss the orc priest. The orc hits you but does no damage.
The orc priest hits you with a flail.
You die...

... ....#.####..###.##
.. ..). #._## #..< ..
...## #..# #... .
....# #.## #..)
#.#...# #.# #...
#.#...# ##.# #...
#o)...###..#####...
#####....#...#.......
##...@o.......#.#..#..
#....o................
#.....................
##........#...#...##..
######.###...##..####
#.......###.####
#####...###.#...
#.#.........
#########...........


You could see an orc priest and an orc.

Vanquished Creatures
  An orc priest (D:4)
  An iguana (D:4)
  Crazy Yiuf (D:2)
  Ijyb (D:3)
  A centaur skeleton (D:4)
  Natasha (twice) (D:3)
  A worker ant (D:4)
  4 adders (D:2)
  A gnoll (D:2)
  An ooze (D:3)
  4 worms
  2 giant geckos
  5 orcs
  12 bats
  2 giant cockroaches
  8 goblins
  8 hobgoblins
  5 jackals (D:2)
  5 giant newts
  A jackal skeleton (D:4)
  5 kobolds
  10 rats
  2 fungi (D:2)
83 creatures vanquished.

Notes
Turn   | Place    | Note
--------------------------------------------------------------
     0 | D:1      | Shtopit the Gargoyle Fighter began the quest for the Orb.
     0 | D:1      | Reached XP level 1. HP: 14/14 MP: 1/1
   386 | D:1      | Reached XP level 2. HP: 17/19 MP: 2/2
   708 | D:1      | Reached XP level 3. HP: 23/23 MP: 3/3
   939 | D:2      | Reached skill level 4 in Shields
   974 | D:2      | Reached skill level 1 in Dodging
  1058 | D:2      | Found a blossoming altar of Fedhas.
  1065 | D:2      | Reached XP level 4. HP: 24/28 MP: 4/4
  1853 | D:2      | Noticed Crazy Yiuf
  1859 | D:2      | Killed Crazy Yiuf
  1859 | D:2      | Reached XP level 5. HP: 26/33 MP: 5/5
  1948 | D:3      | Found an iron altar of Okawaru.
  1967 | D:3      | Noticed Natasha
  1971 | D:3      | Killed Natasha
  1984 | D:3      | Noticed Ijyb
  2015 | D:3      | Killed Ijyb
  2044 | D:3      | Noticed Natasha
  2055 | D:3      | Killed Natasha
  2135 | D:3      | Noticed Grinder
  2154 | D:3      | Paralysed by Grinder for 4 turns
  2359 | D:4      | Reached XP level 6. HP: 36/39 MP: 6/6
  2372 | D:4      | Found a sparkling altar of Nemelex Xobeh.
  2670 | D:4      | Reached skill level 5 in Shields
  2672 | D:4      | HP: 1/39 [orc priest/divine providence (9)]
  2673 | D:4      | Slain by an orc priest

Action                   |  1- 3 |  4- 6 || total
-------------------------+-------+-------++-------
Melee: Flail             |   152 |    77 ||   229
       Whip              |     4 |   140 ||   144
  Use: Potion            |     1 |     1 ||     2
  Eat: Chunk             |     1 |     5 ||     6
